 Dungeon Crawl Stone Soup version 0.17.1-3-g152610e (webtiles) character file.

38738 imbaray the Unseen (level 13, -2/58 HPs)
             Began as a Spriggan Enchanter on Apr 4, 2016.
             Was the Champion of Dithmenos.
             Slain by a black mamba (14 damage)
             ... on level 8 of the Lair of Beasts on Apr 5, 2016.
             The game lasted 01:47:48 (16393 turns).

imbaray the Unseen (Spriggan Enchanter)            Turns: 16393, Time: 01:47:48

Health: -2/58      AC:  7    Str:  4    XL:     13   Next: 65%
Magic:  3/39       EV: 37    Int: 22    God:    Dithmenos [******]
Gold:   955        SH:  0    Dex: 25    Spells: 9 memorised, 1 level left

rFire  . . .     SeeInvis +     a - +3 short sword "Orb Guardian's Regret" {pierce, Dex+4}
rCold  . . .     Clarity  .     b - +2 robe
rNeg   . . .     SustAt   .     (shield restricted)
rPois  .         Gourm    .     (helmet restricted)
rElec  .         Spirit   .     G - +2 cloak
rCorr  .         Warding  .     (gloves unavailable)
rMut   +         Stasis   .     (boots unavailable)
MR     ++...                    f - amulet of resist mutation
Stlth  ++++++++++               N - ring of magical power
                                i - +5 ring of intelligence

@: about to teleport, very slightly contaminated, wreathed by umbra, very quick,
very resistant to hostile enchantments, uncannily stealthy
A: unfitting armour, repulsion field 1, see invisible, herbivore 3, speed 3,
slow metabolism 2
a: Shadow Step, Shadow Form, Renounce Religion


You were on level 8 of the Lair of Beasts.
You worshipped Dithmenos.
Dithmenos was exalted by your worship.
You were not hungry.

You visited 3 branches of the dungeon, and saw 19 of its levels.

You collected 955 gold pieces.

Inventory:

Hand Weapons
 a - the +3 short sword "Orb Guardian's Regret" (weapon) {pierce, Dex+4}
   (You found it on level 6 of the Lair of Beasts)

   It inflicts extra damage upon your enemies.
   It affects your dexterity (+4).
 x - a +0 vampiric rapier
 C - a +3 dagger of venom
Armour
 b - a +2 robe (worn)
 G - a +2 cloak (worn)
 L - a +0 buckler
Rods
 B - a +1 rod of the swarm (14/14)
   (You found it on level 6 of the Lair of Beasts)
Jewellery
 f - an amulet of resist mutation (around neck)
 h - an uncursed ring of ice
 i - a +5 ring of intelligence (left hand)
 n - a +2 ring of dexterity
 s - an uncursed ring of sustain attributes
 M - an uncursed ring of flight
 N - a ring of magical power (right hand)
 P - an uncursed ring of teleportation
 V - a +4 ring of intelligence
 Z - an uncursed ring of ice
Wands
 c - a wand of confusion (21)
 r - a wand of polymorph (12)
 y - a wand of draining (14)
 H - a wand of frost (33)
 R - a wand of slowing (13)
 S - a wand of draining (8)
 W - a wand of polymorph (12)
Scrolls
 e - 6 scrolls of teleportation
 j - 2 scrolls of enchant armour
 k - a scroll of fog
 o - 5 scrolls of blinking
 u - 2 scrolls of remove curse
 z - 2 scrolls of amnesia
 F - a scroll of magic mapping
 U - 3 scrolls of enchant weapon
Potions
 g - a potion of magic
 m - 7 potions of curing
 p - 4 potions of heal wounds
 q - 4 potions of might
 t - a potion of flight
 w - 4 potions of cancellation
 D - 3 potions of cure mutation
 I - a potion of haste
 J - 2 potions of agility
 O - a potion of berserk rage {unknown}
 T - a potion of poison {unknown}
 X - 2 potions of ambrosia {unknown}
Comestibles
 d - 6 bread rations
 l - 26 fruits


   Skills:
 + Level 1.9 Fighting
 + Level 11.6 Short Blades
 + Level 1.5 Armour
 + Level 14.6 Dodging
 + Level 15.7 Stealth
 + Level 12.7 Spellcasting
 + Level 12.9 Hexes
 + Level 2.0 Evocations


You had one spell level left.
You knew the following spells:

 Your Spells              Type           Power        Failure   Level  Hunger
a - Dazzling Spray        Conj/Hex       #####...     1%          3    None
b - Ensorcelled Hibernat  Hex/Ice        #####.       1%          2    None
c - Confuse               Hex            ######..     1%          3    None
d - Gell's Gravitas       Hex/Tloc       #####.....   1%          3    None
e - Cause Fear            Hex            ######....   1%          4    None
f - Summon Mana Viper     Hex/Summ       #####...     12%         5    ###....
g - Leda's Liquefaction   Hex/Erth       #####.....   3%          4    None
h - Darkness              Hex            ######....   3%          6    #####..
i - Invisibility          Hex            ######..     3%          6    #####..


Dungeon Overview and Level Annotations

Branches:
Dungeon (10/15)            Temple (1/1) D:6            Lair (8/8) D:10
  Swamp (0/4) Lair:3       Spider (0/4) Lair:6          Orc (0/4) D:9
  Slime: Lair:6-8

Altars:
Cheibriados
Dithmenos
Elyvilon
Fedhas
Gozag
Kikubaaqudgha
Makhleb
Nemelex Xobeh
Okawaru
Qazlal
Ru
Zin
The Shining One


Innate Abilities, Weirdness & Mutations

You are tiny and cannot use many weapons and most armour.
You have supernaturally acute eyesight.
You are a herbivore.
You cover ground extremely quickly.
You need consume almost no food.
You are surrounded by a mild repulsion field (EV +2).


Message History

You feel a bit more experienced. The black mamba closely misses you.
The black mamba misses you. The black mamba completely misses you.
You don't have enough magic at the moment.
The black mamba bites you! The black mamba completely misses you.
The black mamba misses you.
You don't have enough magic at the moment.
Drink which item? (? for menu, Esc to quit)
Okay, then.
Read which item? (? for menu, Esc to quit)
As you read the scroll of teleportation, it crumbles to dust.
You feel strangely unstable.
The guardian serpent weaves intricate patterns with the tip of its tongue.
The black mamba blinks!
The spiny frog blinks into view!
The black mamba completely misses you. x2
The spiny frog completely misses you. The black mamba closely misses you.
The guardian serpent coils itself and performs some mystic snake dance.
The black mamba completely misses you. The spiny frog stings you!
* * * LOW HITPOINT WARNING * * *
You emit a cloud of dark smoke.
The black mamba bites you!
You die...

PP...........###.#
.PPP...............
P.................
#.#....†.[........
#.#...........P..
#PP...........#
#.PP..........#
##F§..##.....P##
#@S...##P....##
##SS†.##......#
#Ss.§##...P...##
##...##.........###
#...##.....#....#.#
##..##S...###.....##
#.S##(..###........#
#####...(##
.........###
##.S..F.###
..P........#


You could see a wolf spider, a mana viper, a guardian serpent, 3 black mambas
and a spiny frog.

Vanquished Creatures
  6 hydras
  Pikel (D:7)
  A wolf spider (Lair:8)
  3 griffons (Lair:4)
  The ghost of emiel the Covert, a novice SpAK of Lugonu (D:7)
  4 black mambas
  6 elephants
  8 spiny frogs
  5 fire drakes
  3 komodo dragons
  The ghost of grippy the Skirmisher, an amateur MiCK of Xom (D:4)
  A polar bear (Lair:7)
  A troll (D:10)
  Grinder (D:4)
  Prince Ribbit (D:8)
  A boulder beetle (Lair:7)
  10 blink frogs
  3 slime creatures (D:10)
  A spriggan (Lair:1)
  8 wyverns
  43 yaks
  5 basilisks
  11 wolves
  11 hippogriffs
  A hell hound (Lair:4)
  A mottled dragon (D:8)
  12 water moccasins
  2 ice beasts
  6 orc warriors
  4 spiders (Lair:8)
  14 porcupines
  3 sky beasts
  A phantom (D:6)
  3 black bears
  3 ogres
  An eye of draining (D:8)
  2 centaurs
  12 crocodiles
  A big kobold (D:9)
  14 giant frogs
  3 scorpions
  3 electric eels (D:9)
  A giant frog zombie (D:10)
  5 orc priests
  4 crimson imps
  7 iguanas
  Crazy Yiuf (D:7)
  A jelly (D:8)
  3 hounds
  Jessica (D:3)
  10 orc wizards
  Terence (D:3)
  Natasha (thrice) (D:3)
  A killer bee zombie (D:7)
  10 worker ants
  5 sheep
  2 hound zombies
  A worker ant zombie (D:6)
  10 adders
  8 gnolls
  44 river rats
  2 shadow imps
  An ooze (D:1)
  An adder zombie (D:5)
  2 adder skeletons
  5 worms
  9 giant geckos
  28 orcs
  3 ball pythons
  2 giant cockroaches (Lair:6)
  4 goblins
  6 hobgoblins
  4 jackals (D:3)
  15 kobolds
  4 quokkas
  6 bats
  6 giant newts
  6 rats
  A fungus (Lair:8)
445 creatures vanquished.

Vanquished Creatures (collateral kills)
  A death yak (Lair:4)
  2 blink frogs (Lair:4)
  7 yaks
  A redback (Lair:8)
  A hippogriff (Lair:4)
  A water moccasin (Lair:8)
  A crocodile (Lair:8)
  A giant frog (Lair:4)
  7 sheep (Lair:7)
  10 river rats
  An adder (Lair:8)
33 creatures vanquished.

Vanquished Creatures (others)
  A hound (D:7)
  2 bushes (Lair:1)
  8 fungi
  5 plants
16 creatures vanquished.

Grand Total: 494 creatures vanquished

Notes
Turn   | Place    | Note
--------------------------------------------------------------
     0 | D:1      | imbaray the Spriggan Enchanter began the quest for the Orb.
     0 | D:1      | Reached XP level 1. HP: 9/9 MP: 5/5
   157 | D:1      | Reached XP level 2. HP: 13/13 MP: 6/6
   232 | D:1      | Learned a level 2 spell: Ensorcelled Hibernation
   926 | D:2      | Reached skill level 5 in Stealth
   926 | D:2      | Reached XP level 3. HP: 16/16 MP: 3/8
  1398 | D:3      | Noticed Jessica
  1404 | D:3      | Killed Jessica
  1404 | D:3      | Reached XP level 4. HP: 19/21 MP: 1/10
  1409 | D:3      | Learned a level 3 spell: Confuse
  1561 | D:3      | Noticed Terence
  1568 | D:3      | Killed Terence
  1575 | D:3      | Noticed Natasha
  1583 | D:3      | Killed Natasha
  1583 | D:3      | Reached XP level 5. HP: 24/24 MP: 10/12
  1619 | D:3      | Found a blossoming altar of Fedhas.
  1626 | D:3      | Noticed Natasha
  1633 | D:3      | Killed Natasha
  1953 | D:3      | Found an opulent altar of Gozag.
  2140 | D:3      | Noticed Natasha
  2142 | D:3      | Killed Natasha
  2286 | D:4      | Found a snail-covered altar of Cheibriados.
  2296 | D:4      | Noticed an ogre
  2300 | D:4      | Killed an ogre
  2300 | D:4      | Reached skill level 6 in Stealth
  2300 | D:4      | Reached XP level 6. HP: 28/28 MP: 13/13
  2389 | D:4      | Found a sparkling altar of Nemelex Xobeh.
  2398 | D:4      | Noticed Grinder
  2415 | D:4      | Killed Grinder
  2415 | D:4      | Reached skill level 5 in Dodging
  2415 | D:4      | Reached skill level 5 in Hexes
  2440 | D:4      | Noticed grippy's ghost (amateur MiCK)
  2591 | D:4      | Killed grippy's ghost
  2591 | D:4      | Reached skill level 7 in Stealth
  2591 | D:4      | Reached skill level 5 in Spellcasting
  2591 | D:4      | Reached XP level 7. HP: 32/32 MP: 7/15
  3164 | D:5      | Entered Level 5 of the Dungeon
  3465 | D:5      | Reached XP level 8. HP: 36/36 MP: 14/17
  3695 | D:5      | Learned a level 3 spell: Dazzling Spray
  3777 | D:6      | Found a staircase to the Ecumenical Temple.
  3788 | Temple   | Entered the Ecumenical Temple
  3805 | Temple   | Became a worshipper of Dithmenos the Shadowed
  3861 | D:6      | Found an ancient bone altar of Kikubaaqudgha.
  3873 | D:6      | Reached skill level 8 in Stealth
  4462 | D:6      | Reached skill level 5 in Short Blades
  4591 | D:6      | Reached * piety under Dithmenos
  4595 | D:6      | Reached skill level 9 in Stealth
  4603 | D:6      | You fall through a shaft for 3 floors!
  5246 | D:7      | Noticed emiel's ghost (novice SpAK)
  5253 | D:7      | Reached XP level 9. HP: 39/39 MP: 17/20
  5321 | D:7      | Killed emiel's ghost
  5751 | D:7      | Noticed Crazy Yiuf
  5757 | D:7      | Killed Crazy Yiuf
  6000 | D:7      | Noticed Pikel
  6077 | D:7      | Killed Pikel
  6077 | D:7      | Reached skill level 10 in Stealth
  6501 | D:8      | Reached ** piety under Dithmenos
  6565 | D:8      | Noticed Prince Ribbit
  6574 | D:8      | Found a glowing golden altar of the Shining One.
  6578 | D:8      | Killed Prince Ribbit
  6599 | D:8      | Reached XP level 10. HP: 44/44 MP: 23/23
  6657 | D:8      | Found a stormy altar of Qazlal.
  6661 | D:8      | Found an iron altar of Okawaru.
  6713 | D:8      | Reached skill level 10 in Dodging
  7022 | D:8      | Found a blossoming altar of Fedhas.
  7839 | D:9      | Found a staircase to the Orcish Mines.
  7863 | D:9      | Reached *** piety under Dithmenos
  7871 | D:9      | Reached skill level 11 in Stealth
  8101 | D:10     | Entered Level 10 of the Dungeon
  8269 | D:10     | Found a staircase to the Lair.
  8537 | D:10     | Found a glowing golden altar of the Shining One.
  8803 | Lair:1   | Entered Level 1 of the Lair of Beasts
  8807 | Lair:1   | Reached skill level 12 in Stealth
  8815 | Lair:1   | Reached XP level 11. HP: 47/47 MP: 19/25
  8823 | Lair:1   | Reached **** piety under Dithmenos
  9313 | Lair:1   | Reached skill level 10 in Spellcasting
  9376 | Lair:1   | Reached skill level 10 in Hexes
 10341 | Lair:1   | Reached skill level 13 in Stealth
 10705 | Lair:2   | Reached ***** piety under Dithmenos
 10812 | Lair:2   | Learned a level 3 spell: Gell's Gravitas
 11291 | Lair:2   | Learned a level 4 spell: Cause Fear
 11416 | Lair:3   | Noticed an eight-headed hydra
 11417 | Lair:3   | Found a staircase to the Swamp.
 11435 | Lair:3   | Killed an eight-headed hydra
 11435 | Lair:3   | Reached XP level 12. HP: 51/51 MP: 28/28
 11598 | Lair:3   | Noticed a six-headed hydra
 11605 | Lair:3   | Killed a six-headed hydra
 12106 | Lair:4   | Identified 2 scrolls of acquirement
 12285 | Lair:4   | Reached skill level 10 in Short Blades
 12296 | Lair:4   | Reached skill level 14 in Stealth
 12583 | Lair:4   | Noticed a four-headed hydra
 12589 | Lair:4   | Killed a four-headed hydra
 12817 | Lair:4   | Learned a level 5 spell: Summon Mana Viper
 13878 | Lair:5   | Reached XP level 13. HP: 55/55 MP: 30/30
 13884 | Lair:5   | Noticed a seven-headed hydra
 13891 | Lair:5   | Killed a seven-headed hydra
 14013 | Lair:5   | Reached skill level 15 in Stealth
 14401 | Lair:5   | Gained mutation: You are surrounded by a mild repulsion field (EV +2). [potion of beneficial mutation]
 14430 | Lair:6   | Got a translucent short sword
 14436 | Lair:6   | Identified the +3 short sword "Orb Guardian's Regret" {pierce, Dex+4} (You found it on level 6 of the Lair of Beasts)
 14602 | Lair:6   | Found a hole to the Spider Nest.
 15456 | Lair:6   | Learned a level 4 spell: Leda's Liquefaction
 15463 | Lair:6   | Learned a level 6 spell: Darkness
 15470 | Lair:6   | Learned a level 6 spell: Invisibility
 15480 | Lair:7   | Reached skill level 1 in Fighting
 15483 | Lair:7   | Reached ****** piety under Dithmenos
 15535 | Lair:7   | Reached skill level 1 in Armour
 16003 | Lair:7   | Reached skill level 1 in Evocations
 16210 | Lair:8   | Entered Level 8 of the Lair of Beasts
 16393 | Lair:8   | Slain by a black mamba

Action                   |  1- 3 |  4- 6 |  7- 9 | 10-12 | 13-15 || total
-------------------------+-------+-------+-------+-------+-------++-------
Melee: Dagger            |    81 |    68 |   196 |   624 |    33 ||  1002
       Short sword       |       |     2 |       |       |   151 ||   153
       Rapier            |       |       |       |    74 |       ||    74
 Cast: Ensorcelled Hiber |    14 |    13 |    22 |    51 |    26 ||   126
       Confuse           |       |     6 |    29 |    76 |    18 ||   129
       Dazzling Spray    |       |       |       |     5 |     1 ||     6
       Gell's Gravitas   |       |       |       |     1 |     2 ||     3
       Summon Mana Viper |       |       |       |     1 |    11 ||    12
       Invisibility      |       |       |       |       |     1 ||     1
       Leda's Liquefacti |       |       |       |       |     1 ||     1
  Use: Scroll            |     2 |    10 |     4 |    12 |     6 ||    34
       Potion            |       |       |     2 |       |     1 ||     3
 Stab: Sleeping          |    26 |    18 |    41 |   100 |    58 ||   243
       Confused          |       |     7 |    20 |    47 |    15 ||    89
       Distracted        |       |     1 |       |     5 |     3 ||     9
       Invisible         |       |       |       |     1 |    10 ||    11
  Eat: Fruit             |       |       |     2 |       |       ||     2
       Bread ration      |       |       |     1 |     2 |       ||     3
       Pizza             |       |       |       |     1 |       ||     1
